 Dungeon Crawl Stone Soup version 0.28.0-1-gb440e238dd (webtiles) character file.

Game seed: 13961924057469030744

123 fragbeetle the Chopper (level 4, -7/39 HPs)
             Began as a Minotaur Monk on Feb 23, 2022.
             Succumbed to a kobold brigand's curare-tipped dart
             ... in a sewer.
             The game lasted 00:03:07 (1651 turns).

fragbeetle the Chopper (Minotaur Monk)              Turns: 1651, Time: 00:03:08

Health: -7/39      AC:  8    Str: 17    XL:     4   Next: 80%
Magic:  3/3        EV:  5    Int:  7    God:
Gold:   41         SH:  7    Dex: 13    Spells: 3/3 levels left

rFire   . . .      SeeInvis .   a - +0 hand axe
rCold   . . .      Faith    .   m - +0 kite shield
rNeg    . . .      Spirit   .   c - +0 chain mail
rPois   .          Reflect  .   (helmet restricted)
rElec   .          Harm     .   (no cloak)
rCorr   .          Rampage  .   (no gloves)
Will    .....                   (no boots)
Stlth   ..........              (no amulet)
HPRegen 0.13/turn               (no ring)
MPRegen 0.08/turn               (no ring)

@: mighty, lethally poisoned (-7 -> -29), slowed, very slow
A: horns 2, retaliatory headbutt
a: no special abilities


You were in a sewer.
You visited 1 branch of the dungeon, and saw 3 of its levels.
You also visited: Sewer.

You collected 41 gold pieces.

Inventory:

Hand Weapons
 a - a +0 hand axe (weapon)
 j - a +0 dagger of draining
Missiles
 f - 16 arrows
 i - 6 javelins (quivered)
 l - 20 bolts
 o - 2 poisoned darts
Armour
 b - a +0 robe
 c - a +0 chain mail (worn)
 m - a +0 kite shield (worn)
Scrolls
 e - 4 scrolls of identify {unknown}
 g - 2 scrolls of vulnerability {unknown}
 h - a scroll of teleportation {unknown}
 k - a scroll of immolation {unknown}
 n - a scroll of silence {unknown}
 p - 2 scrolls of fear {unknown}


   Skills:
 - Level 3.6 Fighting
 * Level 6.7 Axes
 - Level 3.2 Dodging
 - Level 1.5 Stealth


You had 3 spell levels left.
You didn't know any spells.
Your spell library contained the following spells:

 Spells                   Type           Power      Damage    Failure   Level
 Summon Small Mammal      Summ           0%         N/A       100%        1
 Call Canine Familiar     Summ           0%         N/A       100%        3
 Summon Guardian Golem    Hex/Summ       0%         N/A       100%        3


Dungeon Overview and Level Annotations

Branches:
Dungeon (3/15)              Sewer (1/1)

Altars:


Innate Abilities, Weirdness & Mutations

You have a pair of horns on your head.
You reflexively headbutt those who attack you in melee.


Message History

The kobold brigand throws a curare-tipped dart.
The curare-tipped dart hits you.
You are poisoned.
You have difficulty breathing.
You feel yourself slow down.
You feel very sick.
You feel sick. You block the river rat's attack.
You feel sick.
You are no longer poisoned.
The river rat bites you.
You hit the river rat but do no damage. You headbutt the river rat!
The river rat is severely wounded.
You block the river rat's attack.
The river rat bites you but does no damage.
You hit the river rat.
You kill the river rat!
The kobold brigand throws a curare-tipped dart.
The curare-tipped dart barely misses you.
Throw: 3 darts (poison)
Press: ? - help, Shift-Dir - straight line, f - kobold brigand
Aim: a kobold brigand, wielding a +0 short sword and quivering curare-tipped darts (50% to hit)
You throw a poisoned dart.
The poisoned dart closely misses the kobold brigand.
You hear a splash.
The kobold brigand throws a curare-tipped dart.
The curare-tipped dart hits you.
You are poisoned.
You have difficulty breathing.
You feel as though you will be slow longer.
It was a potion of might.
You feel very mighty all of a sudden.
* * * LOW HITPOINT WARNING * * *
You feel very sick.
The kobold brigand throws a curare-tipped dart.
The curare-tipped dart hits you.
You are more poisoned.
You have difficulty breathing.
* * * LOW HITPOINT WARNING * * *
You feel as though you will be slow longer.
You barely miss the kobold brigand.
You die...

#≈≈≈≈≈≈.## #.≈≈≈≈≈≈.# ####
.≈≈..≈≈≈.####.≈...≈.###≈≈≈
≈.≈≈≈.≈.≈..########≈)≈.≈##
≈≈#####≈≈≈≈.# #####≈≈≈ ≈
##....# #### ##.≈≈# #...#
#..≈# ##@K≈## #≈†≈≈≈#
#≈###(# #≈# #≈# ##≈###≈#
#≈.≈#≈K≈ #≈#≈#≈#≈# #≈#≈#≈
≈# #≈#≈#≈ ≈#


You could see a kobold brigand.

Vanquished Creatures
  A hound (D:2)
  2 river rats (Sewer)
  2 adders (D:2)
  A worm (Sewer)
  3 dart slugs
  5 ball pythons
  3 endoplasms (Sewer)
  4 giant cockroaches (D:3)
  6 goblins
  A hobgoblin (D:1)
  8 kobolds
  3 quokkas (D:3)
  2 bats (D:1)
  5 frilled lizards
  3 rats
49 creatures vanquished.

Notes
Turn   | Place    | Note
-------+----------+-------------------------------------------
     0 | D:1      | fragbeetle the Minotaur Monk began the quest for the Orb.
     0 | D:1      | Reached XP level 1. HP: 19/19 MP: 0/0
    69 | D:1      | Reached skill level 4 in Axes
   117 | D:1      | Reached XP level 2. HP: 23/26 MP: 1/1
   497 | D:2      | Reached skill level 5 in Axes
   558 | D:2      | Reached XP level 3. HP: 30/31 MP: 2/2
   947 | D:2      | Reached skill level 6 in Axes
   947 | D:2      | Reached XP level 4. HP: 30/39 MP: 3/3
  1352 | D:3      | Found a glowing drain.
  1397 | Sewer    | Entered a sewer
  1641 | Sewer    | Noticed a kobold brigand
  1650 | Sewer    | HP: 1/39 [asphyx]
  1651 | Sewer    | Succumbed to a kobold brigand's curare-tipped dart

Illustrated notes

Levels and vault maps discovered:
D:1:      lemuel_arrival_broad_hall, layout_rooms, nicolae_figureground_pulse
D:2:      layout_loops_ring
D:3:      cheibrodos_thug_alley, layout_loops_corners, grunt_qazlal_sundering,
          gup_sewer_entry_pipe, serial_shops, shop, minmay_misc_feat_roman,
          uniq_ijyb, uniq_terence
Sewer:    sewer_co_tree

Skill      XL: |  1  2  3 |
---------------+----------+-----
Axes           | 4 5 6 |  6.7
Fighting       | |  3.6
Dodging        | |  3.2
Stealth        | |  1.5

Action                   |  1- 3 |  4- 6 || total
-------------------------+-------+-------++-------
Melee: Hand axe          |    56 |    53 ||   109
       Headbutt          |     8 |    11 ||    19
Throw: Dart              |       |     1 ||     1
  Use: Potion            |       |     1 ||     1
Armor: Chain mail        |    20 |    14 ||    34
Dodge: Dodged            |    22 |     8 ||    30
Block: Kite shield       |     2 |    15 ||    17
